 Dungeon Crawl Stone Soup version 0.21-a0-633-g4c047d5f35 (webtiles) character file.

183 daggaz the Chopper (level 5, 0/41 HPs)
             Began as a Demonspawn Fighter on Dec 29, 2017.
             Was a Follower of Okawaru.
             Killed by nerve-wracking pain
             ... invoked by Grinder
              (10 damage)
             ... while paralysed by Grinder
             ... on level 4 of the Dungeon.
             The game lasted 00:05:02 (2855 turns).

daggaz the Chopper (Demonspawn Fighter)             Turns: 2855, Time: 00:05:03

Health: 0/41       AC:  8    Str: 17    XL:     5   Next: 35%
Magic:  4/5        EV:  2    Int: 10    God:    Okawaru [*.....]
Gold:   123        SH:  0    Dex: 12    Spells: 4/4 levels left

rFire    . . .     SeeInvis .   a - +0 war axe
rCold    . . .     Gourm    .   c - +0 shield
rNeg     . . .     Faith    .   b - +0 scale mail
rPois    .         Spirit   .   (no helmet)
rElec    .         Reflect  .   (no cloak)
rCorr    .         Harm     .   (no gloves)
MR       .....                  (no boots)
Stlth    ..........             (no amulet)
HPRegen  0.13/turn              (no ring)
MPRegen  0.09/turn              (no ring)

@: paralysed
A: hooves 2, icy blue scales 1
a: Heroism, Renounce Religion


You were on level 4 of the Dungeon.
You worshipped Okawaru.
Okawaru was aware of your devotion.
You were not hungry.

You visited 1 branch of the dungeon, and saw 4 of its levels.

You collected 123 gold pieces.

Inventory:

Hand Weapons
 a - a +0 war axe (weapon)
Missiles
 g - 99 stones (quivered)
 m - 7 curare-tipped needles
Armour
 b - a +0 scale mail (worn)
 c - a +0 shield (worn)
Jewellery
 i - an uncursed ring of fire {unknown}
Scrolls
 j - 5 scrolls of identify {unknown}
 k - 2 scrolls of teleportation {unknown}
 n - a scroll of blinking {unknown}
 r - a scroll of immolation {unknown}
Potions
 d - a potion of might
 e - a potion of curing {unknown}
 h - a potion of ambrosia {unknown}
 l - a potion of agility {unknown}
 o - a potion of degeneration {unknown}
 p - a potion of resistance {unknown}
Comestibles
 f - 3 rations
 q - 2 chunks of flesh


   Skills:
 - Level 3.0 Fighting
 + Level 5.1 Axes
 - Level 2.6 Armour
 - Level 2.6 Shields


You had 4 spell levels left.
You didn't know any spells.

Dungeon Overview and Level Annotations

Branches:
Dungeon (4/15)
 Temple: D:4-7

Altars:
Okawaru

Annotations:
D:4 Grinder


Innate Abilities, Weirdness & Mutations

You have hoof-like feet.
You are partially covered in icy blue scales. (AC +2)


Message History

Pain shoots through your body!
* * * LOW HITPOINT WARNING * * *
You closely miss Grinder. Your kick misses Grinder.
Grinder is almost dead.
Grinder blinks!
Grinder gestures at you. You resist with significant effort.
Grinder hits you but does no damage.
Found 4 needles of sleeping.
You see here 17 poisoned needles.
You closely miss Grinder. You kick Grinder, but do no damage.
Grinder is severely wounded.
Grinder barely misses you.
You barely miss Grinder.
Grinder is severely wounded.
Grinder gestures at you.
You suddenly lose the ability to move!
Grinder gestures at you. Pain shoots through your body!
You die...

######### #.......# ####
#######.#####.######
....
#####...........@5.....(
....
............#.###.######
..# #####.##.####.# .#
.. ...# #.# .. ###.####
#.# ### # #.# # #.# #
#.#


You could see Grinder.

Vanquished Creatures
  A howler monkey (D:4)
  An orc wizard (D:3)
  A gnoll (D:1)
  4 adders
  2 worms (D:2)
  2 dart slugs
  A leopard gecko (D:1)
  6 orcs (D:3)
  A giant cockroach (D:3)
  2 hobgoblins (D:2)
  6 jackals
  2 quokkas (D:3)
  A ball python (D:1)
  8 bats
  4 frilled lizards
  5 goblins
  5 kobolds
  8 rats
60 creatures vanquished.

Notes
Turn   | Place    | Note
-------+----------+-------------------------------------------
     0 | D:1      | daggaz the Demonspawn Fighter began the quest for the Orb.
     0 | D:1      | Reached XP level 1. HP: 18/18 MP: 1/1
     3 | D:1      | Noticed an electric eel
     3 | D:1      | Noticed an electric eel
    56 | D:1      | Reached skill level 2 in Axes
   289 | D:2      | Gained mutation: You have large cloven feet. [demonic ancestry]
   289 | D:2      | Reached XP level 2. HP: 12/24 MP: 2/2
   560 | D:1      | Reached skill level 3 in Axes
   629 | D:1      | Gained mutation: You are partially covered in icy blue scales. (AC +2) [demonic ancestry]
   629 | D:1      | Reached XP level 3. HP: 22/29 MP: 3/3
   967 | D:2      | Found an iron altar of Okawaru.
   977 | D:2      | Became a worshipper of Warmaster Okawaru
  1635 | D:3      | Reached skill level 4 in Axes
  1635 | D:3      | Reached XP level 4. HP: 20/35 MP: 4/4
  2338 | D:3      | Reached * piety under Okawaru
  2664 | D:3      | Gained mutation: You have hoof-like feet. [demonic ancestry]
  2664 | D:3      | Reached XP level 5. HP: 41/41 MP: 5/5
  2763 | D:4      | Reached skill level 5 in Axes
  2831 | D:4      | Noticed Grinder
  2831 | D:4      | Paralysed by Grinder for 6 turns
  2845 | D:4      | Paralysed by Grinder for 3 turns
  2855 | D:4      | Paralysed by Grinder for 3 turns
  2855 | D:4      | Killed from afar by Grinder

Vault maps used:
D:1:      arrival_aquarium_b
D:2:      kennysheep_okawaru_gauntlet
D:3:      first_ration, item_on_display_a
D:4:      tgw_sif, minmay_temple_entry_overgrown, kennysheep_windowed_goal,
          uniq_grinder

Skill      XL: |  1  2  3  4  5 |
---------------+----------------+-----
Axes           | 2 3 4 5 |  5.1
Fighting       | |  3.0
Armour         | |  2.6
Shields        | |  2.6

Action                   |  1- 3 |  4- 6 || total
-------------------------+-------+-------++-------
Melee: War axe           |   114 |    58 ||   172
       Kick              |    17 |    14 ||    31
Invok: Heroism           |       |     1 ||     1
  Eat: Chunk             |     2 |     4 ||     6
Armor: Scale mail        |    74 |    31 ||   105
Dodge: Dodged            |    36 |    17 ||    53
Block: Shield            |    70 |    29 ||    99

Table legend:
 A = Spawn XP
 B = Non-spawn XP
 C = Spawn XP percentage of total XP
 D = Spawn monster count
 E = Non-spawn monster count
 F = Spawn count percentage of total count
 G = Total turns spent on level
                    A         B        C        D         E        F      G
               +---------+---------+-------+---------+---------+-------+---------
         Total |       0 |     262 |   0.0 |       0 |      60 |   0.0 |  2855
               +---------+---------+-------+---------+---------+-------+---------
           D:1 |       0 |      43 |   0.0 |       0 |      20 |   0.0 |   645
           D:2 |       0 |      44 |   0.0 |       0 |      14 |   0.0 |   951
           D:3 |       0 |     110 |   0.0 |       0 |      24 |   0.0 |  1146
           D:4 |       0 |      65 |   0.0 |       0 |       2 |   0.0 |   113
               +---------+---------+-------+---------+---------+-------+---------
